 Dungeon Crawl Stone Soup version 0.31.0-12-g77e489cdc1 (webtiles) character file.

Game seed: 17368045689737240375

269 spaghetti the Gusty (level 6, -2/36 HPs)
             Began as a Tengu Air Elementalist on Mar 1, 2024.
             Slain by an iguana (11 damage)
             ... on level 5 of the Dungeon.
             The game lasted 00:03:02 (2686 turns).

spaghetti the Gusty (Tengu Air Elementalist)        Turns: 2686, Time: 00:03:03

Health: -2/36      AC:  2    Str:  9    XL:     6   Next: 22%
Magic:  10/11      EV: 12    Int: 17    God:
Gold:   167        SH:  5    Dex: 14    Spells: 6/11 levels left

rFire   . . .        e - +2 spear (venom)
rCold   . . .        (no shield)
rNeg    . . .        a - +0 robe
rPois   .            (helmet restricted)
rElec   .            (no cloak)
rCorr   .            (no gloves)
SInv    .            (boots unavailable)
Will    .....        m - amulet of reflection
Stlth   ++           (no ring)
HPRegen 0.26/turn    (no ring)
MPRegen 0.12/turn

%: reflection, acrobat
@: no status effects
A: beak, talons 3, acrobatic
a: no special abilities


You were on level 5 of the Dungeon.
You visited 1 branch of the dungeon, and saw 4 of its levels.

You collected 167 gold pieces.

Inventory:

Hand Weapons
 e - a +2 spear of venom (weapon)
Armour
 a - a +0 robe (worn)
Magical Staves
 r - a staff of earth
Jewellery
 m - an amulet of reflection (around neck)
Wands
 q - a wand of flame (54)
Scrolls
 d - a scroll of fear
 h - 4 scrolls of identify
 k - a scroll of torment
 l - a scroll of poison
 n - a scroll of enchant weapon {unknown}
 o - 2 scrolls of blinking {unknown}
 t - a scroll of teleportation {unknown}
Potions
 b - a potion of magic
 c - 2 potions of haste {unknown}
 f - 2 potions of cancellation {unknown}
 g - a potion of heal wounds {unknown}
 i - a potion of curing {unknown}
 j - 3 potions of mutation {unknown}
 p - 2 potions of might {unknown}
 s - a potion of degeneration {unknown}


   Skills:
 + Level 2.6 Fighting
 - Level 2.1 Dodging
 - Level 2.0 Stealth
 + Level 3.2 Spellcasting
 - Level 1.3 Conjurations
 + Level 2.0 Translocations
 - Level 6.0 Air Magic


You had 6 spell levels left.
You knew the following spells:

 Your Spells              Type           Power      Damage    Failure   Level
a - Shock                 Conj/Air       60%        1d6       3%          1
b - Manifold Assault      Tloc           9%         N/A       58%         4

Your spell library contained the following spells:

 Spells                   Type           Power      Damage    Failure   Level
 Swiftness                Air            23%        N/A       4%          3
 Static Discharge         Conj/Air       30%        3-5/arc   6%          2
 Apportation              Tloc           18%        N/A       8%          1
 Sting                    Conj/Alch      20%        1d4       13%         1
 Airstrike                Air            11%        2d(2-18)  14%         4
 Freeze                   Ice            8%         1d3       17%         1
 Necrotise                Necr           8%         1d4       17%         1
 Summon Small Mammal      Summ           8%         N/A       17%         1
 Gell's Gravitas          Tloc           9%         N/A       22%         3
 Teleport Other           Tloc           9%         N/A       22%         3
 Jinxbite                 Hex            4%         N/A       26%         2
 Hailstorm                Conj/Ice       5%         3d5       36%         3
 Frozen Ramparts          Ice            4%         1d1       45%         3
 Fugue of the Fallen      Necr           2%         N/A       45%         3
 Ozocubu's Armour         Ice            2%         N/A       45%         3
 Alistair's Intoxication  Alch           1%         N/A       99%         5
 Dispersal                Tloc           4%         N/A       100%        6


Dungeon Overview and Level Annotations

Branches:
Dungeon (3/15)

Altars:
Fedhas
Uskayaw


Innate Abilities, Weirdness & Mutations

You have a beak for a mouth.
You have claws for feet.
You can magically evade attacks while moving or waiting.


Message History

You hit the hound.
The hound looks as sick as possible!
Your kick misses the hound. You peck the hound, but do no damage.
The hound is almost dead.
The hound bites you. The hound barely misses you.
You are too injured to fight recklessly!
You are too injured to fight recklessly!
You are too injured to fight recklessly!
You are too injured to fight recklessly!
You are too injured to fight recklessly!
You are too injured to fight recklessly!
You are too injured to fight recklessly!
You are too injured to fight recklessly!
You are too injured to fight recklessly!
You are too injured to fight recklessly!
There are monsters nearby!
There are monsters nearby!
Unknown command.
You hit the hound but do no damage.
The hound looks as sick as possible!
You peck the hound, but do no damage.
The hound is almost dead.
You kill the hound!
Your Translocations skill increases to level 2!
You see here a hound corpse.
Unknown command.
The iguana barely misses you.
You hit the iguana but do no damage.
The iguana is poisoned.
You peck the iguana, but do no damage. The iguana bites you!
You hit the iguana but do no damage.
The iguana looks as sick as possible!
Your peck misses the iguana.
The iguana is lightly wounded.
The iguana closely misses you.
You hit the iguana but do no damage.
The iguana looks as sick as possible!
You claw the iguana, but do no damage.
The iguana is lightly wounded.
The iguana bites you!
* * * LOW HITPOINT WARNING * * *
You barely miss the iguana.
The iguana is heavily wounded.
The iguana bites you!
You die...

####.........†.##..........#.#
##.......†...####.......#.#
#............# #.........#
#>.........#.# #........##
####.####.##.###........## #.#
#.##..##.........### #.#
#...#.##...........# #.# ###†#
#...(.....#.. #. #@#
....####..##. ## #l# .... #..#
. #.# ... #..# # ... . ...#
#.# #.... #.# ..#.. #.. #..


You could see an iguana (extremely poisoned).

Vanquished Creatures
  A phantom (D:5)
  A hound (D:5)
  4 gnolls
  5 adders
  2 ufetubi (D:3)
  2 ribbon worms (D:2)
  2 dart slugs
  5 ball pythons
  2 endoplasms
  A giant cockroach (D:1)
  8 goblins
  5 hobgoblins
  4 jackals (D:5)
  5 quokkas
  4 bats (D:1)
  2 frilled lizards (D:1)
  7 kobolds
  4 rats
64 creatures vanquished.

Notes
Turn   | Place    | Note
-------+----------+-------------------------------------------
     0 | D:1      | spaghetti the Tengu Air Elementalist began the quest for
                  | the Orb.
     0 | D:1      | Reached XP level 1. HP: 10/10 MP: 4/4
   157 | D:1      | Reached XP level 2. HP: 10/15 MP: 0/6
   311 | D:1      | Reached skill level 5 in Air Magic
   425 | D:1      | Reached XP level 3. HP: 19/19 MP: 2/7
   981 | D:2      | Reached skill level 6 in Air Magic
   981 | D:2      | Reached XP level 4. HP: 21/24 MP: 0/8
  1099 | D:2      | Reached skill level 1 in Fighting
  1427 | D:2      | Learned a level 4 spell: Manifold Assault
  1979 | D:2      | Reached skill level 1 in Translocations
  2237 | D:3      | Reached XP level 5. HP: 29/29 MP: 4/9
  2340 | D:3      | Found a faded altar of an unknown god.
  2385 | D:3      | Found a hide-covered altar of Uskayaw.
  2491 | D:3      | You fall into a shaft and drop 2 floors!
  2491 | D:5      | Entered Level 5 of the Dungeon
  2544 | D:5      | Noticed a phantom
  2565 | D:5      | Found a blossoming altar of Fedhas.
  2571 | D:5      | Killed a phantom
  2572 | D:5      | Reached XP level 6. HP: 24/36 MP: 8/11
  2686 | D:5      | Slain by an iguana

Illustrated notes

Levels and vault maps discovered:
D:1:      lemuel_arrival_behind_the_door_large, layout_basic, hex_large
D:2:      layout_basic
D:3:      layout_rooms, mainiacjoe_overflow_catwalk,
          mainiacjoe_overflow_tiny_flanked, nicolae_dithmenos_shadow_blocks,
          shapermc_ecumenical_altar_mp_ritualfount, serial_shops,
          nicolae_diamond_shop, dreamdust_wishing_well, uniq_jessica,
          uniq_crazy_yiuf_cottage
D:5:      layout_rooms, kennysheep_mini_moat, mainiacjoe_overflow_alcove_4,
          minmay_temple_entry_statues_pillars, serial_shops,
          nicolae_book_shop_shelving, uniq_edmund

Skill      XL: |  1  2  3  4  5  6 |
---------------+-------------------+-----
Air Magic      | 5 6 |  6.0
Fighting       | 1 2 |  2.6
Translocations | 1 2 |  2.0
Spellcasting   | 3 |  3.2
Dodging        | |  2.1
Stealth        | |  2.0
Conjurations   | |  1.3

Action                     |  1- 3 |  4- 6 || total
---------------------------+-------+-------++-------
  Melee: Spear             |    21 |    71 ||    92
         Punch             |     1 |       ||     1
         Kick              |     2 |    10 ||    12
         Peck              |       |    12 ||    12
   Cast: Shock             |    45 |    53 ||    98
    Use: Scroll            |       |     3 ||     3
 Armour: Robe              |     6 |    25 ||    31
  Dodge: Dodged            |     5 |    35 ||    40
  Block: Other             |       |    10 ||    10
